 Dungeon Crawl Stone Soup version 0.28.0-53-g5a82cb258f (webtiles) character file.

Game seed: 8339910038791693112

284 gobodom the Ducker (level 6, -6/41 HPs)
             Began as a Djinni Fire Elementalist on June 11, 2022.
             Killed from afar by an orc wizard (10 damage)
             ... with a magic dart
             ... on level 5 of the Dungeon.
             The game lasted 00:23:01 (4752 turns).

gobodom the Ducker (Djinni Fire Elementalist)       Turns: 4752, Time: 00:23:02

Health: -6/41      AC:  2    Str: 13    XL:     6   Next: 54%
Gold:   187        EV: 13    Int: 18    God:
                   SH:  0    Dex: 14

rFire   + + .      SeeInvis .   l - +2 short sword (elec)
rCold   x . .      Faith    .   (no shield)
rNeg    . . .      Spirit   .   a - +0 robe
rPois   ∞          Reflect  .   (no helmet)
rElec   .          Harm     .   (no cloak)
rCorr   .          Rampage  .   (no gloves)
Will    .....                   (boots unavailable)
Stlth   +.........              (no amulet)
HPRegen 0.13/turn               b - +6 ring of strength
MPRegen 0.00/turn               (no ring)

@: confused, flying
A: sickness immunity, fire resistance 2, cold vulnerability 1, float, innate
caster, HP casting, extra vitality 1
a: no special abilities


You were on level 5 of the Dungeon.
You visited 2 branches of the dungeon, and saw 6 of its levels.

You collected 187 gold pieces.

Inventory:

Hand Weapons
 l - a +2 short sword of electrocution (weapon)
Missiles
 k - 8 poisoned darts (quivered)
Armour
 a - a +0 robe (worn)
Jewellery
 b - a +6 ring of strength (left hand)
Scrolls
 d - a scroll of fear {unknown}
 g - a scroll of enchant armour {unknown}
 h - a scroll of acquirement {unknown}
 m - a scroll of magic mapping {unknown}
 o - a scroll of vulnerability {unknown}
Potions
 c - a potion of resistance
 e - 2 potions of flight {unknown}
 f - a potion of haste
 j - a potion of magic {unknown}
 n - a potion of heal wounds {unknown}


   Skills:
 + Level 0.9 Fighting
 + Level 0.8 Short Blades
 + Level 0.9 Armour
 + Level 4.2 Dodging
 + Level 3.2 Stealth
 + Level 3.4 Spellcasting


You couldn't memorise any spells.
You knew the following spells:

 Your Spells              Type           Power      Damage    Failure   Level
a - Foxfire               Conj/Fire      60%        2x1d7     3%          1
b - Scorch                Fire           30%        2d6       5%          2
c - Conjure Flame         Conj/Fire      15%        6-21      11%         3
d - Inner Flame           Hex/Fire       15%        N/A       11%         3
e - Flame Wave            Conj/Fire      15%        2d6       36%         4
f - Sting                 Tmut/Pois      60%        1d6       3%          1
g - Static Discharge      Conj/Air       15%        N/A       5%          2
Your spell library was empty.

Dungeon Overview and Level Annotations

Branches:
Dungeon (5/15)             Temple (1/1) D:4

Altars:
Ashenzari
Cheibriados
Dithmenos
Fedhas
Gozag
Hepliaklqana
Kikubaaqudgha
Makhleb
Okawaru
Qazlal
Ru
Sif Muna
Trog
Vehumet
Wu Jian
Xom
Yredelemnul
Zin

Annotations:
D:4 Eustachio


Innate Abilities, Weirdness & Mutations

You are immune to sickness and miasma.
You are immune to poison.
Your flesh is very heat resistant. (rF++)
You are vulnerable to cold. (rC-)
You float through the air rather than walking.
You learn spells naturally, not from books.
Your magical power is your life essence.
You have superior vitality. (+4 MHP)


Message History

The bullfrog skeleton hits you but does no damage.
A gnoll comes into view. It is wielding a +0 flail.
You're too confused to move!
You hear some strange, mumbled words.
A magic dart appears from out of thin air!
The magic dart hits you.
* * * LOW HITPOINT WARNING * * *
You're too confused to cast spells.
You miss something. Something barely misses you.
You bump into the rock wall.
You feel less confused.
The bullfrog skeleton is no longer more vulnerable to fire.
Something hits you.
* * * LOW HITPOINT WARNING * * *
A magic dart appears from out of thin air!
The magic dart hits you.
* * * LOW HITPOINT WARNING * * *
You hear some strange, mumbled words.
You are confused.
You bump into the rock wall.
You bump into the translucent rock wall.
You hear some strange, mumbled words.
You are more confused.
You're too confused to move!
An orc wizard appears from thin air!
Reactivating autopickup.
The orc wizard gestures at you while chanting.
You are more confused.
You bump into the rock wall.
The orc wizard gestures at you while chanting.
The puff of flame misses you. The orc wizard casts a spell at you.
The puff of flame hits you. You resist.
* * * LOW HITPOINT WARNING * * *
You bump into the rock wall.
The orc wizard gestures at you while chanting.
You are more confused.
The orc wizard points at you and mumbles some strange words.
The magic dart hits you!
You die...

###### #######....#
#..........# #.#######).#
#.#.....#..############
#.#.....#.@...........#####
#.#.._..#.##.########......
##.#.....#.##.# ######.
##..#.....#o##.## #.
#...###'###oo...## ##.
..#........gg.#.#.# #.#
##.#..###........... ##.
###..###.###....... ##
####....#.###..#####


You could see an orc wizard, 2 gnolls and an orc.

Vanquished Creatures
  An ogre (D:5)
  A water moccasin skeleton (D:3)
  An iguana (D:4)
  A hound skeleton (D:2)
  A gnoll (D:5)
  3 adders
  An ufetubus (D:5)
  2 dart slugs
  2 orcs
  7 endoplasms
  3 giant cockroaches
  4 goblins (D:1)
  2 hobgoblins
  3 jackals (D:2)
  2 quokkas (D:2)
  6 ball pythons
  6 bats
  2 frilled lizards (D:1)
  9 kobolds
  7 rats
64 creatures vanquished.

Vanquished Creatures (collateral kills)
  A foxfire (D:3)
1 creature vanquished.

Vanquished Creatures (others)
  40 foxfires
  2 fungi (D:3)
  A plant (D:3)
43 creatures vanquished.

Grand Total: 108 creatures vanquished

Notes
Turn   | Place    | Note
-------+----------+-------------------------------------------
     0 | D:1      | gobodom the Djinni Fire Elementalist began the quest for
                  | the Orb.
     0 | D:1      | Reached XP level 1. HP: 15/15 MP: 0/0
   130 | D:1      | Reached XP level 2. HP: 17/21 MP: 0/0
   912 | D:1      | Reached XP level 3. HP: 20/25 MP: 0/0
   912 | D:1      | Learned a level 1 spell: Sting
  1669 | D:2      | Reached skill level 3 in Dodging
  1971 | D:2      | Reached XP level 4. HP: 27/31 MP: 0/0
  2989 | D:3      | Found a faded altar of an unknown god.
  3142 | D:3      | Reached XP level 5. HP: 19/35 MP: 0/0
  3142 | D:3      | Learned a level 2 spell: Static Discharge
  3932 | D:4      | Found an iron altar of Okawaru.
  3970 | D:4      | Reached skill level 4 in Dodging
  3993 | D:4      | Noticed Eustachio
  4035 | D:4      | Found a staircase to the Ecumenical Temple.
  4046 | Temple   | Entered the Ecumenical Temple
  4198 | D:5      | Entered Level 5 of the Dungeon
  4407 | D:5      | Noticed a necrophage
  4447 | D:5      | Found a basalt altar of Yredelemnul.
  4450 | D:5      | Noticed an ogre
  4460 | D:5      | Killed an ogre
  4461 | D:5      | Reached XP level 6. HP: 15/41 MP: 0/0
  4752 | D:5      | Killed from afar by an orc wizard

Illustrated notes

Levels and vault maps discovered:
D:1:      psy_arrival_statuary, layout_loops_corners, minmay_tromino_i2
D:2:      layout_basic
D:3:      layout_loops_cross, shapermc_ecumenical_altar_acropolis,
          roderic_lattice_a
D:4:      layout_basic, okawaru_trees_1, minmay_temple_entry_junction,
          uniq_eustachio
D:5:      layout_loops_ring, nicolae_overflow_crystal_walls,
          amcnicky_altar_gilded
Temple:   nicolae_temple_x_marks_the_god

Skill      XL: |  1  2  3  4  5 |
---------------+----------------+-----
Stealth        | 2 3 |  3.2
Dodging        | 3 4 |  4.2
Spellcasting   | 3 |  3.4
Fighting       | |  0.9
Short Blades   | |  0.8
Armour         | |  0.9

Action                   |  1- 3 |  4- 6 || total
-------------------------+-------+-------++-------
Melee: Dagger            |    39 |    27 ||    66
       Short sword       |       |    30 ||    30
       Punch             |       |     1 ||     1
 Cast: Foxfire           |    13 |    14 ||    27
       Scorch            |    17 |    19 ||    36
       Conjure Flame     |     1 |       ||     1
       Sting             |       |     3 ||     3
  Use: Scroll            |       |     3 ||     3
       Potion            |       |     1 ||     1
 Stab: Sleeping          |     6 |     2 ||     8
Armor: Robe              |    10 |     6 ||    16
Dodge: Dodged            |    32 |    38 ||    70
